Map: Pilares de oro EE

Players

MrFercho

  • Race: Zerg Zerg
  • League: Gold
  • Spawn Location: 1:00

KaoticKronos - Winner!

  • Race: Zerg Zerg
  • League: Gold
  • Spawn Location: 7:00

VOD

Have the link to the VOD?

Description

Time

  • Played on: July 27, 2020, 11:08 p.m.
  • Length: 9:54
Show
View Real Time Build Order
Export as new Build Order

MrFercho Zerg 

Build Orders: Hatch First 

Get SALT Encoding   

  12  0:00  Drone  
  13  0:15  Overlord  
  13  0:19  Drone  
  14  0:34  Drone x2  
  16  0:53  Hatchery  
  16  0:54  Drone  
  16  0:59  Drone  
  16  1:03  Drone  
  18  1:12  Extractor  
  17  1:21  Spawning Pool  
  17  1:22  Drone  
  17  1:25  Drone  
  18  1:30  Drone  
  19  1:44  Drone  
  20  1:54  Overlord  
  20  2:04  Drone  
  20  2:08  Queen x2  
  23  2:10  Zergling x2  
  23  2:14  Zergling x2  
  27  2:18  Overlord  
  27  2:23  Metabolic Boost  
  27  2:24  Drone  
  27  2:27  Drone  
  29  2:36  Drone  
  30  2:41  Zergling x2  
  31  2:54  Evolution Chamber  
  30  3:01  Zergling x8  
  34  3:13  Roach Warren  
  30  3:21  Zergling x2, Spine Crawler  
  30  3:22  Zergling x6  
  30  3:24  Zerg Melee Weapons Level 1  
  33  3:28  Queen  
  35  3:37  Drone x3  
  37  3:53  Zergling x10  
  37  3:54  Zergling x2  
  38  4:26  Drone x5  
  40  4:40  Zergling x8  
  39  4:49  Evolution Chamber  
  38  5:07  Drone x6  
  44  5:22  Overlord x3  
  44  5:30  Zerg Missile Weapons Level 1  
  44  6:00  Lair  
  44  6:07  Extractor, Hatchery  
  44  6:10  Drone x2  
  44  6:11  Drone  
  45  6:22  Extractor  
  45  6:24  Drone x3  
  47  6:26  Drone x2  
  47  6:27  Drone x2  
  47  6:31  Roach x5  
  62  7:07  Hatchery  
  61  7:10  Drone  
  61  7:11  Drone x6  
  65  8:01  Roach  
  65  8:02  Overlord x2  
  65  8:03  Overlord x3  
  65  8:05  Overlord x2  
  67  8:17  Hydralisk Den  
  67  8:19  Infestation Pit  
  65  8:21  Spire  
  65  8:26  Hatchery  
  63  8:36  Spine Crawler x2  
  48  8:54  Ravager x5  
  52  8:56  Zergling x22  
  52  8:57  Zergling x4  
  50  9:33  Zergling x12  
Show
View Real Time Build Order
Export as new Build Order

KaoticKronos Zerg - Winner!

Build Orders: Pool First 

Get SALT Encoding   

  12  0:06  Drone  
  14  0:17  Overlord  
  14  0:19  Drone  
  14  0:36  Drone  
  14  0:39  Drone  
  16  0:49  Spawning Pool  
  15  0:50  Drone  
  16  0:59  Extractor  
  16  1:00  Drone  
  16  1:11  Drone  
  17  1:23  Hatchery  
  16  1:36  Queen  
  16  1:38  Zergling x2  
  19  1:41  Zergling x2  
  20  1:53  Overlord  
  20  1:55  Zergling x2  
  21  2:06  Metabolic Boost  
  21  2:08  Zergling x2  
  22  2:23  Zergling x2  
  23  2:31  Overlord  
  23  2:36  Queen  
  23  2:40  Drone  
  23  2:41  Drone  
  27  2:59  Zergling x4  
  27  3:00  Zergling x2, Drone  
  27  3:01  Drone  
  29  3:28  Zergling x6  
  29  3:29  Zergling x2  
  33  3:35  Drone  
  33  3:36  Drone  
  35  3:41  Roach Warren  
  33  4:02  Hatchery  
  32  4:08  Zergling x12  
  34  4:13  Queen  
  36  4:25  Extractor  
  36  4:27  Extractor, Drone x2  
  35  4:38  Zergling x4  
  36  4:49  Roach x2  
  40  5:00  Roach  
  40  5:01  Overlord x2, Roach  
  44  5:19  Baneling Nest  
  44  5:21  Lair  
  43  5:22  Drone  
  44  5:48  Roach x4  
  53  5:50  Drone  
  53  5:57  Drone x2  
  53  5:58  Drone  
  53  6:02  Drone  
  57  6:32  Roach  
  65  6:33  Roach x3  
  65  6:34  Overlord x2  
  65  6:36  Drone  
  66  7:08  Roach  
  66  7:09  Roach x7  
  82  7:15  Glial Reconstitution  
  82  7:29  Overlord x2  
  81  8:10  Drone x9  
  81  8:45  Zergling x16  
  81  8:46  Overlord  
  83  9:22  Drone x9  
Tags
 
League
GoldGold
Matchup
ZvZ
Race
Zerg
Replay Pack
MrFercho
Spawn Locations
Cross Positions
Add a new tag
Caveats
  • Supply blocks, unpowered buildings, or Contaminate may cause inaccurate times.
  • Supply counts are checked every 10 seconds.